 Dungeon Crawl Stone Soup version 0.31.0-2-g5a2aebc5c2 (webtiles) character file.

Game seed: 16968590529762796542

14081 Sweeb the Carver (level 12, 0/77 HPs)
             Began as a Tengu Berserker on Jan 20, 2024.
             Was an Elder of Trog.
             Slain by a boulder beetle (17 damage)
             ... on level 8 of the Dungeon.
             The game lasted 00:18:03 (8428 turns).

Sweeb the Carver (Tengu Berserker)                  Turns: 8428, Time: 00:18:03

Health: 0/77       AC: 10    Str: 18    XL:     12   Next: 12%
Magic:  13/13      EV: 38    Int:  8    God:    Trog [****..]
Gold:   487        SH:  0    Dex: 18    Spells: 11/11 levels left

rFire   . . .        a - +1 falchion
rCold   . . .        (no shield)
rNeg    . . .        D - +0 steam dragon scales
rPois   .            (helmet restricted)
rElec   .            k - scarf {repulsion}
rCorr   .            (no gloves)
SInv    .            (boots unavailable)
Will    ++...        n - amulet of faith
Stlth   ++++         q - +4 ring of protection
HPRegen 1.32/turn    (no ring)
MPRegen 0.13/turn

%: repel missiles, acrobat, faith
@: strong-willed, on berserk cooldown, acrobatic, flying, regenerating, slowed,
studying Fighting, very slow
A: beak, talons 3, evasive flight, acrobatic
a: Renounce Religion, Berserk, Trog's Hand, Brothers in Arms


You were on level 8 of the Dungeon.
You worshipped Trog.
Trog was greatly pleased with you.
You visited 1 branch of the dungeon, and saw 8 of its levels.
You also visited: Sewer and Bailey.

You collected 487 gold pieces.

Inventory:

Hand Weapons
 a - a +1 falchion (weapon)
 x - a +2 triple crossbow of flaming
Missiles
 z - 2 throwing nets (quivered)
Armour
 b - a +1 animal skin
 d - a +0 cloak
 g - a +0 buckler
 k - a scarf of repulsion (worn)
 m - a +0 ring mail
 D - +0 steam dragon scales (worn)
Jewellery
 n - an amulet of faith (around neck)
 q - a +4 ring of protection (left hand)
 A - an amulet of guardian spirit
Wands
 c - a wand of roots (4)
 u - a wand of polymorph (24)
 y - a wand of flame (16)
Scrolls
 f - a scroll of revelation
 h - 2 scrolls of identify
 i - 3 scrolls of vulnerability
 o - a scroll of fear
 s - 3 scrolls of teleportation
 v - a scroll of immolation
Potions
 e - 2 potions of brilliance
 j - a potion of berserk rage
 l - a potion of enlightenment
 p - a potion of haste
 r - 6 potions of curing
 B - a potion of lignification {unknown}
 C - 2 potions of heal wounds


   Skills:
 + Level 9.7 Fighting
 * Level 11.5 Long Blades
 + Level 8.4 Armour
 * Level 11.2 Dodging
 + Level 7.6 Stealth


You had 11 spell levels left.
You didn't know any spells.
Your spell library was empty.

Dungeon Overview and Level Annotations

Branches:
Dungeon (8/15)             Temple (0/1) D:5           Sewer (visited)
 Bailey (visited)
   Lair: D:8-11

Altars:
Gozag
Kikubaaqudgha
Makhleb
Nemelex Xobeh
Sif Muna
Trog
Uskayaw
Wu Jian
Zin
The Shining One

Shops:
D:3 :

Annotations:
D:4 2 runed translucent doors, becking's ghost, amateur GrFi
D:6 3 runed translucent doors, Persephone's ghost, novice GrFi


Innate Abilities, Weirdness & Mutations

You have a beak for a mouth.
You have claws for feet.
Your magical flight helps you evade attacks. (EV +4)
You can magically evade attacks while moving or waiting.


Message History

The boulder beetle is moderately wounded.
The boulder beetle bites you! x2
Your skin crawls.
You feel strong-willed.
The boulder beetle completely misses you.
You hit the boulder beetle but do no damage.
You claw the boulder beetle.
You peck the boulder beetle, but do no damage.
The boulder beetle is heavily wounded.
You flicker for a moment.
The boulder beetle closely misses you.
You strike the helpless boulder beetle from behind!
You hit the boulder beetle. You claw the boulder beetle.
The boulder beetle is heavily wounded.
The boulder beetle bites you but does no damage.
The boulder beetle closely misses you.
You catch the helpless boulder beetle completely off-guard!
You slash the boulder beetle!
You claw the boulder beetle, but do no damage.
You peck the boulder beetle.
The boulder beetle is severely wounded.
The boulder beetle bites you!!
* * * LOW HITPOINT WARNING * * *
You feel more experienced!
Your Fighting skill increases to level 9!
Your Long Blades skill increases to level 11!
Your Armour skill increases to level 8!
Your Dodging skill increases to level 11!
Your Stealth skill increases to level 7!
You have reached level 12!
You feel clever.
You hit the boulder beetle but do no damage.
You claw the boulder beetle, but do no damage.
You peck the boulder beetle, but do no damage.
The boulder beetle is severely wounded.
You flicker back into view.
The boulder beetle leaps!
The boulder beetle completely misses you.
The boulder beetle bites you!
You die...

......................#.....#####
#####...#############.#.........#
♣♣♣♣♣.♣♣♣♣♣ ♣♣.♣♣#.......###<#
♣♣.........♣♣♣♣♣...♣#....##.# #.#
....................#.......# #.#
♣♣.........♣♣♣♣♣...♣#....##.# #.#
♣♣♣♣♣.♣♣♣♣♣ ♣♣.♣♣#....##÷# #.#
### ###.###....##.###.# ♣♣ ♣♣
#†@B(.#.........#.# .~.♣C
.♣.~.♣#°♣♣♣.#....##.###.# ~~~.#
#.~~~...♣ .#.........# .~.♣B
.♣.~.♣#.♣ #.......#.# ♣♣ ♣♣. #..
#.........# ## # ###. #.......###
♣♣♣♣. .. #.......# .♣♣.# .
♣♣#....#.## ♣.♣.# ♣.♣ #......


You could see a boulder beetle.

Vanquished Creatures
  Maurice (D:7)
  A cyclops (D:8)
  Joseph (D:8)
  Maggie (D:8)
  A troll (D:8)
  A shadow (D:6)
  2 wyverns (D:8)
  5 yaks (D:8)
  2 steam dragons (D:8)
  A water moccasin (D:8)
  8 orc warriors (Bailey)
  3 ice beasts (D:6)
  A black bear (D:6)
  A crocodile (Sewer)
  A centaur (D:7)
  2 ogres
  2 phantoms
  A gnoll sergeant (D:8)
  A brain worm (Sewer)
  A bullfrog (D:8)
  2 scorpions
  6 killer bees
  3 howler monkeys
  A bombardier beetle (D:5)
  3 jellies
  2 hounds
  3 gnoll boudas
  3 orc priests
  3 iguanas
  A sleepcap (D:4)
  5 orc wizards
  4 gnolls (D:6)
  10 adders
  A shadow imp (D:6)
  A white imp (D:6)
  An ufetubus (D:6)
  2 ribbon worms
  3 dart slugs
  26 orcs
  14 bats
  7 endoplasms
  10 giant cockroaches
  13 goblins
  9 hobgoblins
  4 jackals
  2 quokkas (D:2)
  10 ball pythons
  A frilled lizard (D:1)
  10 kobolds
  7 rats
204 creatures vanquished.

Vanquished Creatures (collateral kills)
  2 orc knights (Bailey)
2 creatures vanquished.

Vanquished Creatures (others)
  A hornet (D:8)
1 creature vanquished.

Grand Total: 207 creatures vanquished

Notes
Turn   | Place    | Note
-------+----------+-------------------------------------------
     0 | D:1      | Sweeb the Tengu Berserker began the quest for the Orb.
     0 | D:1      | Reached XP level 1. HP: 14/14 MP: 2/2
    39 | D:1      | Reached XP level 2. HP: 12/19 MP: 3/3
   390 | D:1      | Reached ** piety under Trog
   539 | D:1      | Reached XP level 3. HP: 23/23 MP: 4/4
   697 | D:2      | Found a faded altar of an unknown god.
  1031 | D:2      | Noticed an ogre
  1037 | D:2      | Killed an ogre
  1038 | D:2      | Reached skill level 1 in Stealth
  1038 | D:2      | Reached XP level 4. HP: 11/28 MP: 5/5
  1038 | D:2      | Reached XP level 5. HP: 13/32 MP: 6/6
  1528 | D:3      | Found Viakkiakk's Book Emporium.
  1536 | D:3      | Reached *** piety under Trog
  2255 | D:4      | Reached XP level 6. HP: 36/38 MP: 7/7
  2396 | D:4      | Reached skill level 5 in Long Blades
  2479 | D:4      | Found a sparkling altar of Nemelex Xobeh.
  2748 | D:4      | Found a runed translucent door.
  2750 | D:4      | Noticed becking's ghost (amateur GrFi)
  2802 | D:4      | Found a runed translucent door.
  3116 | D:5      | Entered Level 5 of the Dungeon
  3125 | D:5      | Gained mutation: Your magical flight helps you evade
                  | attacks. (EV +4) [Tengu growth]
  3125 | D:5      | Reached XP level 7. HP: 43/43 MP: 8/8
  3399 | D:5      | Found an opulent altar of Gozag.
  3454 | D:5      | Found a staircase to the Ecumenical Temple.
  3576 | D:5      | Identified the +2 scale mail "Xuuneudgh" {Regen+ Int+2}
  3631 | D:5      | Found a bloodstained altar of Trog.
  4066 | D:6      | Found a glowing drain.
  4069 | D:6      | Reached skill level 5 in Dodging
  4081 | D:6      | Found a runed translucent gate.
  4081 | D:6      | Found a runed translucent gate.
  4081 | D:6      | Found a runed translucent gate.
  4096 | D:6      | Reached **** piety under Trog
  4108 | Sewer    | Entered a sewer
  4286 | D:6      | Noticed Persephone's ghost (novice GrFi)
  4287 | D:6      | Found a burning altar of Makhleb.
  4288 | D:6      | Found a hide-covered altar of Uskayaw.
  4502 | D:6      | Reached XP level 8. HP: 48/48 MP: 9/9
  4692 | D:6      | Reached skill level 5 in Fighting
  4814 | D:6      | Noticed a shadow
  4848 | D:6      | Reached skill level 5 in Armour
  4859 | D:6      | Killed a shadow
  4860 | D:6      | Reached XP level 9. HP: 19/54 MP: 10/10
  5319 | D:6      | Found an ancient bone altar of Kikubaaqudgha.
  5608 | D:6      | Found a shimmering blue altar of Sif Muna.
  5610 | D:6      | Found a glowing golden altar of the Shining One.
  5903 | D:7      | Found a flagged portal.
  5904 | D:7      | Noticed Maurice
  5916 | D:7      | Something stole a +0 buckler
  5918 | D:7      | Something stole 2 throwing nets
  5920 | D:7      | Something stole 405 gold
  5942 | D:7      | Killed Maurice
  5975 | Bailey   | Entered a bailey
  6421 | Bailey   | Reached skill level 5 in Stealth
  6546 | Bailey   | Noticed an orc knight
  6546 | Bailey   | Noticed an orc knight
  6718 | Bailey   | Killed an orc knight
  6719 | Bailey   | Reached XP level 10. HP: 59/61 MP: 11/11
  6734 | Bailey   | Killed an orc knight
  7011 | D:7      | Found an ornate altar of the Wu Jian Council.
  7699 | D:8      | Noticed Joseph
  7723 | D:8      | Killed Joseph
  7812 | D:8      | Noticed Maggie
  7924 | D:8      | Killed Maggie
  8055 | D:8      | Found a glowing silver altar of Zin.
  8309 | D:8      | Noticed a cyclops
  8309 | D:8      | Noticed a boulder beetle
  8332 | D:8      | Reached skill level 10 in Long Blades
  8385 | D:8      | Noticed a centaur warrior
  8388 | D:8      | Killed a cyclops
  8389 | D:8      | Reached XP level 11. HP: 68/68 MP: 12/12
  8394 | D:8      | Paralysed by a hornet for 2 turns
  8395 | D:8      | Reached skill level 10 in Dodging
  8426 | D:8      | Reached XP level 12. HP: 12/77 MP: 13/13
  8428 | D:8      | Slain by a boulder beetle

Illustrated notes

Levels and vault maps discovered:
D:1:      amcnicky_arrival_blooded_trapdoor, layout_loops_ring, minmay_tripent
D:2:      layout_rooms, nicolae_ecumenical_pavilion
D:3:      layout_basic, serial_shops, nicolae_shop_tiny_statue_garden
D:4:      layout_basic, marbit_many_paths, ebering_ghost_sewer_f
D:5:      layout_loops_cross, trog_hazing_becter,
          mainiacjoe_overflow_surrounded_room, uniq_crazy_yiuf_cottage
D:6:      wad_guarded_room, layout_layer_cave, kiku_gazebo_pond_becter,
          mainiacjoe_overflow_divided_tiny, gammafunk_temple_overflow_pools,
          gup_sewer_entry_glass, ebering_ghost_rock_garden
D:7:      layout_basic, nicolae_wu_jian_immortal_techniques, enter_bailey_2,
          uniq_maurice
D:8:      nzn_winding_woodlands_medium [nzn_winding_woodlands_5x5_three,
          nzn_winding_woodlands_5x15_cabin, nzn_winding_woodlands_5x5_open_star,
          nzn_winding_woodlands_5x5_perimeter,
          nzn_winding_woodlands_center_triple_pond,
          nzn_winding_woodlands_5x5_closed_star,
          nzn_winding_woodlands_5x5_default, nzn_winding_woodlands_5x15_default,
          nzn_winding_woodlands_hourglass], layout_basic, lemuel_round_altar,
          uniq_joseph, uniq_maggie

Skill      XL: |  1  2  3  4  5  6  7  8  9 10 11 |
---------------+----------------------------------+-----
Dodging        | 3 4 5 6 8 9 11 | 11.2
Long Blades    | 4 5 6 7 8 10 11 | 11.5
Armour         | 3 4 5 6 7 8 |  8.4
Stealth        | 1 2 3 4 5 6 7 |  7.6
Fighting       | 4 5 6 8 9 |  9.7

Action                     |  1- 3 |  4- 6 |  7- 9 | 10-12 || total
---------------------------+-------+-------+-------+-------++-------
  Melee: Falchion          |    72 |    97 |   337 |   194 ||   700
         Peck              |    10 |    18 |    63 |    56 ||   147
         Kick              |    18 |    23 |   116 |    80 ||   237
         Punch             |       |     1 |       |     2 ||     3
         Unarmed           |       |     7 |       |       ||     7
 Invoke: Berserk           |     2 |     1 |     4 |     5 ||    12
         Trog's Hand       |       |       |     6 |     6 ||    12
         Brothers in Arms  |       |       |     1 |       ||     1
  Evoke: Wand              |       |       |     1 |       ||     1
    Use: Scroll            |     1 |     6 |     9 |     2 ||    18
         Potion            |       |       |     4 |     2 ||     6
   Stab: Sleeping          |     5 |     3 |     6 |     1 ||    15
         Invisible         |       |       |       |    11 ||    11
 Armour: Animal skin       |    26 |    41 |   158 |    38 ||   263
         Skin              |       |     1 |       |       ||     1
         Steam dragon scal |       |       |       |    32 ||    32
  Dodge: Dodged            |    59 |    75 |   423 |   196 ||   753
         Repelled          |       |       |     6 |     1 ||     7
